 Dungeon Crawl Stone Soup version 0.28-a0-413-gde365fb1df (webtiles) character file.

Game seed: 14604295714864060088

2628 Lauz the Carver (level 9, 0/81 HPs)
             Began as a Minotaur Fighter on Sept 7, 2021.
             Was an Initiate of Okawaru.
             Killed from afar by an acid dragon (27 damage)
             ... with a splash of acid
             ... on level 8 of the Dungeon on May 28, 2022.
             The game lasted 00:28:49 (10550 turns).

Lauz the Carver (Minotaur Fighter)                 Turns: 10550, Time: 00:28:50

Health: 0/81       AC:  2    Str: 25    XL:     9   Next: 35%
Magic:  8/8        EV:  8    Int:  5    God:    Okawaru [......]
Gold:   394        SH:  5    Dex:  9    Spells: 8/8 levels left

rFire   . . .      SeeInvis .   a - +0 long sword
rCold   . . .      Faith    .   c - +0 buckler
rNeg    . . .      Spirit   .   C - +0 chain mail
rPois   .          Reflect  .   (helmet restricted)
rElec   .          Harm     .   (no cloak)
rCorr   .          Rampage  .   (no gloves)
Will    .....                   (no boots)
Stlth   ..........              (no amulet)
HPRegen 0.23/turn               (no ring)
MPRegen 0.11/turn               (no ring)

@: corroded
A: horns 2, retaliatory headbutt
a: Renounce Religion


You were on level 8 of the Dungeon.
You worshipped Okawaru.
Okawaru was noncommittal.
You visited 2 branches of the dungeon, and saw 9 of its levels.
You also visited: Sewer.

You collected 394 gold pieces.

Inventory:

Hand Weapons
 a - a +0 long sword (weapon)
Armour
 b - a +0 scale mail
 c - a +0 buckler (worn)
 x - +0 steam dragon scales
 C - a +0 chain mail (worn)
 F - a +0 plate armour
Jewellery
 t - an amulet of reflection
 y - an amulet of faith
Wands
 A - a wand of paralysis (5)
 B - a wand of flame (31)
 E - a wand of acid (6)
 G - a wand of digging (5)
Scrolls
 d - a scroll of fog {unknown}
 i - 5 scrolls of identify {unknown}
 k - 5 scrolls of magic mapping {unknown}
 m - 3 scrolls of teleportation {unknown}
 o - 6 scrolls of blinking {unknown}
 p - 2 scrolls of amnesia {unknown}
 q - a scroll of torment {unknown}
 u - 2 scrolls of vulnerability {unknown}
 v - 2 scrolls of enchant weapon {unknown}
 w - 4 scrolls of fear {unknown}
 H - a scroll of noise {unknown}
Potions
 e - 4 potions of cancellation {unknown}
 f - 2 potions of heal wounds
 g - 2 potions of mutation {unknown}
 h - 2 potions of curing {unknown}
 j - a potion of ambrosia {unknown}
 l - 2 potions of invisibility {unknown}
 n - 2 potions of lignification {unknown}
 r - 3 potions of magic {unknown}
 s - a potion of resistance {unknown}
 z - 2 potions of degeneration {unknown}
 D - a potion of brilliance {unknown}
 I - a potion of attraction {unknown}


   Skills:
 + Level 8.0 Fighting
 * Level 10.9 Long Blades
 + Level 6.4 Armour
 + Level 7.1 Shields
 * Level 0.2 Invocations


You had 8 spell levels left.
You didn't know any spells.
Your spell library contained the following spells:

 Spells                   Type           Power      Damage    Failure   Level
 Inner Flame              Hex/Fire       0%         N/A       100%        3
 Cause Fear               Hex            0%         N/A       100%        4
 Discord                  Hex            0%         N/A       100%        8


Dungeon Overview and Level Annotations

Branches:
Dungeon (8/15)             Temple (1/1) D:4           Sewer (visited)
   Lair: D:8-11

Altars:
Ashenzari
Cheibriados
Dithmenos
Elyvilon
Fedhas
Gozag
Hepliaklqana
Kikubaaqudgha
Makhleb
Nemelex Xobeh
Okawaru
Qazlal
Ru
Sif Muna
Trog
Uskayaw
Vehumet
Wu Jian
Xom
Yredelemnul
Zin
The Shining One

Shops:
D:3 [

Annotations:
D:8 1 transporter


Innate Abilities, Weirdness & Mutations

You have a pair of horns on your head.
You reflexively headbutt those who attack you in melee.


Message History

The acid dragon is severely wounded.
The acid dragon spits acid at you. The splash of acid hits you!
* * * LOW HITPOINT WARNING * * *
You closely miss the acid dragon.
The acid dragon is severely wounded.
The acid dragon bites you!
* * * LOW HITPOINT WARNING * * *
The acid dragon claws you.
* * * LOW HITPOINT WARNING * * *
It was a potion of heal wounds.
You feel much better. The acid dragon barely misses you.
You furiously retaliate!
You headbutt the acid dragon, but do no damage.
The acid dragon claws you.
You feel much better. The acid dragon bites you!
You block the acid dragon's attack.
You closely miss the acid dragon.
The acid dragon is severely wounded.
The acid dragon spits acid at you. The splash of acid hits you!!
* * * LOW HITPOINT WARNING * * *
You closely miss the acid dragon.
The acid dragon is severely wounded.
You closely miss the acid dragon.
You headbutt the acid dragon, but do no damage.
The acid dragon is severely wounded.
The acid dragon bites you.
* * * LOW HITPOINT WARNING * * *
The acid dragon claws you.
* * * LOW HITPOINT WARNING * * *
You feel much better. You block the acid dragon's attack.
The acid dragon claws you.
You closely miss the acid dragon.
The acid dragon is severely wounded.
The acid dragon barely misses you. The acid dragon claws you.
You closely miss the acid dragon. Your headbutt misses the acid dragon.
The acid dragon is severely wounded.
The acid dragon spits acid at you. The splash of acid hits you!!
You die...

.# #.# .# #.# .D##
.# #.# #...### .#
#.# ....... .# #.#
#.≈≈≈≈≈≈ .# ###.##
#.≈≈≈≈≈≈ ##.#..#
#.≈≈##
##...#.###.≈≈# #
#.......@D.≈≈## #.#
# ##...#.###.≈≈#. ..
g #.# ##.##.#
#.≈≈###.##'## ..#
#.##)# #.≈≈..#g#P.P#
#.##.# #.≈≈.##.#⌠.⌠#
#.##.# #.≈≈.#gg#P.P#
#.##.###.≈≈.##g##.##
#
#.#......≈≈..#.#P.P#
##
#.#..###.≈≈.©#.+.©.+


You could see an acid dragon (catching breath) and a gnoll sergeant.

Vanquished Creatures
  A steam dragon (D:7)
  2 water moccasins (D:7)
  An orc warrior (D:5)
  An ice beast (D:7)
  2 ogres
  A necrophage (D:7)
  2 centaurs
  A phantom (D:4)
  4 bullfrogs
  A kobold brigand (D:7)
  A scorpion (D:5)
  A water moccasin skeleton (D:5)
  3 killer bees (D:6)
  An electric eel (D:7)
  A centaur zombie (D:7)
  2 hounds
  3 orc priests
  2 centaur skeletons (D:7)
  3 iguanas (D:6)
  9 orc wizards
  A killer bee zombie (D:8)
  15 adders
  6 gnolls
  9 river rats (Sewer)
  A shadow imp (D:5)
  4 dart slugs
  24 orcs
  14 ball pythons
  6 bats
  12 endoplasms
  3 giant cockroaches
  9 goblins
  6 hobgoblins
  15 kobolds
  11 quokkas
  6 frilled lizards
  24 rats
208 creatures vanquished.

Vanquished Creatures (others)
  9 plants
9 creatures vanquished.

Grand Total: 217 creatures vanquished

Notes
Turn   | Place    | Note
-------+----------+-------------------------------------------
     0 | D:1      | Lauz the Minotaur Fighter began the quest for the Orb.
     0 | D:1      | Reached XP level 1. HP: 19/19 MP: 0/0
    94 | D:1      | Reached XP level 2. HP: 27/27 MP: 1/1
   680 | D:1      | Found a faded altar of an unknown god.
   752 | D:1      | Reached XP level 3. HP: 29/33 MP: 2/2
   815 | D:2      | Reached skill level 3 in Long Blades
  1320 | D:2      | Reached XP level 4. HP: 41/41 MP: 3/3
  2347 | D:3      | Found Zashrir's Armour Shop.
  2516 | D:3      | Reached skill level 4 in Long Blades
  2516 | D:3      | Reached XP level 5. HP: 33/47 MP: 4/4
  2904 | D:4      | Found a staircase to the Ecumenical Temple.
  3064 | Temple   | Entered the Ecumenical Temple
  3318 | D:4      | Reached skill level 5 in Armour
  3708 | D:4      | Noticed a phantom
  3723 | D:4      | Killed a phantom
  3724 | D:4      | Reached XP level 6. HP: 37/55 MP: 5/5
  3917 | D:4      | Reached skill level 5 in Long Blades
  4215 | D:5      | Entered Level 5 of the Dungeon
  4324 | D:5      | Reached skill level 5 in Fighting
  4503 | D:5      | Reached skill level 6 in Long Blades
  4519 | D:5      | Reached XP level 7. HP: 20/61 MP: 6/6
  4949 | D:5      | Found a glowing drain.
  4961 | Sewer    | Entered a sewer
  5094 | Sewer    | Reached skill level 7 in Long Blades
  5376 | Sewer    | Reached skill level 5 in Shields
  6116 | D:6      | Reached skill level 8 in Long Blades
  6303 | D:6      | Reached XP level 8. HP: 50/71 MP: 7/7
  6634 | D:6      | Found a blossoming altar of Fedhas.
  6677 | D:6      | Found a sparkling altar of Nemelex Xobeh.
  7634 | D:6      | Reached skill level 9 in Long Blades
  8813 | D:7      | Found a sacrificial altar of Ru.
  8815 | D:7      | Found an iron altar of Okawaru.
  9025 | D:7      | Found an opulent altar of Gozag.
  9141 | D:7      | Reached skill level 10 in Long Blades
  9141 | D:7      | Reached XP level 9. HP: 80/80 MP: 8/8
 10145 | D:7      | Found a snail-covered altar of Cheibriados.
 10154 | D:7      | Became a worshipper of Warmaster Okawaru
 10206 | D:8      | Found a shadowy altar of Dithmenos.
 10456 | D:8      | Identified the +3 spear of Xeunatani {pain, *Rage rElec
                  | rN+}
 10461 | D:8      | Found a transporter.
 10550 | D:8      | Killed from afar by an acid dragon

Illustrated notes

Levels and vault maps discovered:
D:1:      minmay_arrival_split_and_join, layout_loops_ring,
          shapermc_ecumenical_altar_mp_vishouse
D:2:      layout_basic, guppyfry_early_lair_pool
D:3:      layout_basic, serial_shops, nicolae_square_shop, minmay_box_of_dots
D:4:      layout_cave_pods, minmay_temple_entry_nine_rooms
D:5:      layout_loops_ring, gup_sewer_entry_pipe
D:6:      layout_layer_cave, fedhas_altar_2, nemelex_diamond_rough_becter
D:7:      layout_basic, nicolae_overflow_hidden_temple, kennysheep_pointless_box
D:8:      layout_loops_ring, general_overflow_altar,
          gammafunk_ghost_gnarly_gnolls
Temple:   regret_index_temple_generic_petals

Skill      XL: |  1  2  3  4  5  6  7  8  9 |
---------------+----------------------------+-----
Fighting       | 4 5 6 7 8 |  8.0
Armour         | 4 5 6 |  6.4
Shields        | 4 5 6 7 |  7.1
Long Blades    | 3 4 6 8 10 | 10.9
Invocations    | |  0.2

Action                   |  1- 3 |  4- 6 |  7- 9 || total
-------------------------+-------+-------+-------++-------
Melee: Long sword        |    70 |   167 |   350 ||   587
       Headbutt          |     8 |    22 |    59 ||    89
  Use: Potion            |       |     1 |     5 ||     6
Armor: Scale mail        |    33 |    60 |   117 ||   210
       Chain mail        |       |       |    60 ||    60
Dodge: Dodged            |    26 |    70 |   156 ||   252
Block: Buckler           |    15 |    31 |   114 ||   160

Table legend: (Time is in decaauts)
 A = Elapsed time spent in this place.
 B = Non-inter-level travel time spent in this place.
 C = Inter-level travel time spent in this place.
 D = Time resting spent in this place.
 E = Time spent auto-exploring this place.
 F = Levels seen in this place.
 G = Mean time per level.
                   A        B        C        D        E       F      G
               +--------+--------+--------+--------+--------+-----+--------+
         Total |  10675 |  10078 |    597 |   2673 |   5439 |  10 | 1067.5 |
       Dungeon |   9539 |   8971 |    568 |   2429 |   4855 |   8 | 1192.4 |
        Temple |    222 |    193 |     29 |      0 |    185 |   1 |  222.0 |
         Sewer |    914 |    914 |      0 |    244 |    398 |   1 |  914.0 |
               +--------+--------+--------+--------+--------+-----+--------+

Top non-repeatable levels by time:
     D:6: 2021 daAuts
     D:7: 1527 daAuts
     D:5: 1404 daAuts
     D:4: 1147 daAuts
     D:3: 1141 daAuts
     D:2: 1053 daAuts
   Sewer: 914 daAuts
     D:1: 794 daAuts
     D:8: 449 daAuts
  Temple: 222 daAuts
